Map: Prion Terraces

Players

minneh

  • Race: Zerg Zerg
  • League: Gold

LilDicky - Winner!

  • Race: Terran Terran
  • League: Platinum

VOD

http://www.twitch.tv/tumescentpie

Description

Time

  • Played on: Nov. 21, 2015, 8:09 p.m.
  • Length: 17:07
Show
View Real Time Build Order
Export as new Build Order

minneh Zerg 

Build Orders: Hatch First 

Get SALT Encoding   

  12  0:02  Drone  
  13  0:15  Drone  
  14  0:21  Overlord  
  14  0:26  Drone, Extractor  
  15  0:40  Drone x2  
  17  0:59  Drone  
  17  1:02  Hatchery  
  17  1:15  Drone  
  17  1:16  Drone  
  19  1:22  Spawning Pool  
  18  1:33  Extractor  
  18  1:34  Drone x2  
  19  1:44  Drone  
  20  1:55  Overlord  
  20  2:08  Queen  
  20  2:14  Queen  
  24  2:16  Drone x3  
  27  2:26  Zergling x2  
  27  2:27  Drone  
  29  2:38  Metabolic Boost  
  29  2:48  Drone x3  
  29  2:49  Drone  
  33  2:59  Drone x2  
  35  3:13  Drone  
  35  3:14  Overlord  
  36  3:30  Overlord x2  
  36  3:35  Drone x3  
  36  3:36  Drone  
  40  3:42  Hatchery  
  40  3:44  Extractor  
  38  3:49  Zergling x8  
  38  3:50  Zergling x2  
  43  4:01  Zergling x4  
  45  4:04  Zergling x4  
  45  4:05  Zergling x4  
  49  4:13  Drone  
  50  4:19  Drone  
  50  4:20  Drone x3  
  54  4:25  Evolution Chamber x2, Baneling Nest, Lair  
  54  4:26  Drone  
  52  4:32  Drone  
  53  4:57  Drone x2  
  53  4:58  Drone x5  
  59  5:06  Zerg Missile Weapons Level 1  
  58  5:13  Extractor  
  58  5:14  Extractor  
  56  5:18  Queen  
  56  5:20  Drone x4  
  56  5:21  Drone, Overlord  
  63  5:29  Zerg Ground Armor Level 1  
  58  5:44  Queen  
  60  5:50  Centrifical Hooks  
  60  6:21  Drone x6  
  60  6:22  Zergling x6  
  60  6:23  Zergling x4  
  71  6:25  Baneling  
  71  6:26  Baneling x9  
  71  6:35  Zergling x2  
  71  6:36  Zergling x4  
  71  6:38  Overlord x5  
  72  6:53  Zergling x2  
  72  6:54  Zergling x4  
  59  7:04  Zergling x8  
  59  7:05  Zergling x4  
  63  7:13  Zergling x12  
  63  7:14  Zergling x4  
  71  7:16  Zerg Melee Weapons Level 1  
  71  7:32  Zerg Ground Armor Level 2  
  71  7:35  Zergling x2  
  71  7:36  Zergling x2  
  73  7:37  Zergling x14  
  73  7:42  Hatchery  
  79  7:55  Queen  
  81  7:59  Hatchery  
  80  8:11  Baneling  
  80  8:12  Baneling x16  
  80  8:16  Drone  
  80  8:17  Drone x9  
  90  8:29  Drone x2  
  90  8:30  Spire  
  86  8:53  Zergling x2  
  86  8:54  Zergling x10  
  82  9:05  Zergling x14  
  81  9:14  Zergling x6  
  81  9:25  Zergling x6  
  81  9:26  Zerg Melee Weapons Level 2  
  81  9:28  Zergling x2  
  81  9:29  Zergling x8  
  89  9:33  Zergling x6  
  92  9:40  Baneling  
  92  9:41  Baneling x12  
  92  9:42  Zergling x6  
  95  9:48  Queen  
  97  9:54  Zergling x2  
  97  9:55  Zergling x6  
  100  10:02  Zergling x12  
  100  10:03  Zergling x4  
  108  10:15  Baneling x5  
  108  10:16  Baneling x13  
  108  10:19  Extractor  
  107  10:21  Queen  
  107  10:23  Extractor  
  107  10:25  Zergling x2  
  107  10:26  Zergling x12  
  107  10:27  Zergling x2  
  107  10:28  Overlord x4  
  110  10:37  Zergling x2  
  111  10:45  Queen  
  113  10:55  Zergling x4  
  113  10:56  Overlord x7, Zergling x2  
  113  10:57  Overlord x2, Zergling x4  
  116  10:58  Drone, Zergling x2  
  109  11:30  Zergling x22  
  109  11:31  Zergling x8  
  116  11:42  Zergling x4  
  116  11:43  Zergling x8  
  115  11:52  Infestation Pit  
  91  12:02  Zergling x2  
  91  12:03  Zergling x20  
  101  12:23  Zergling x2  
  101  12:24  Zergling x20  
  101  12:27  Baneling x15  
  101  12:28  Baneling x12  
  112  12:30  Zergling x2  
  112  12:31  Zergling x14  
  112  12:36  Zergling x2  
  121  12:41  Hatchery  
  120  12:45  Zergling x8  
  118  13:00  Hive  
  113  13:08  Zergling x10  
  113  13:09  Zergling x12  
  101  13:40  Zergling x2  
  102  13:41  Zergling x30  
  102  13:42  Zergling x4  
  117  13:57  Zergling x24  
  117  13:58  Zergling x6  
  117  14:00  Baneling x12  
  117  14:01  Baneling x9  
  117  14:02  Zergling x2  
  133  14:09  Zergling x6  
  122  14:17  Zergling x6  
  122  14:22  Zergling x12  
  119  14:29  Zergling x12  
  119  14:30  Zergling x4  
  126  14:36  Zergling x4  
  128  14:40  Zergling x4  
  128  14:44  Spore Crawler  
  129  14:50  Extractor  
  129  14:51  Extractor  
  123  15:01  Extractor  
  123  15:02  Extractor  
  107  15:10  Zergling x2  
  107  15:11  Zergling x8  
  102  15:17  Zergling x8  
  102  15:18  Zergling x22  
  95  15:32  Zergling x4  
  95  15:41  Spawning Pool  
  84  15:57  Drone x5  
  84  15:58  Drone x2  
  91  16:14  Baneling  
  91  16:15  Baneling x15  
  91  16:16  Baneling x7  
Show
View Real Time Build Order
Export as new Build Order

LilDicky Terran - Winner!

Build Orders: Command Center First (CC), MMM Bio 

Get SALT Encoding   

  12  0:01  SCV  
  13  0:13  SCV  
  14  0:17  Supply Depot  
  14  0:25  SCV  
  15  0:39  SCV  
  16  0:51  SCV  
  17  1:03  SCV  
  18  1:05  Command Center  
  18  1:15  SCV  
  19  1:21  Barracks  
  19  1:27  SCV  
  20  1:39  SCV  
  21  1:51  SCV  
  22  2:07  SCV  
  23  2:17  Bunker, Marine  
  23  2:22  Orbital Command x2  
  24  2:30  Command Center  
  24  2:35  Marine  
  25  2:49  SCV x2  
  27  3:01  SCV  
  27  3:02  SCV  
  27  3:04  Marine  
  30  3:06  Command Center  
  30  3:13  SCV, Supply Depot  
  30  3:14  SCV  
  32  3:22  Barracks  
  32  3:25  SCV  
  32  3:26  Marine  
  34  3:27  Barracks  
  34  3:28  SCV  
  35  3:39  SCV  
  36  3:44  Orbital Command  
  36  3:47  Marine  
  37  4:00  SCV  
  37  4:01  SCV  
  39  4:05  Marine  
  39  4:08  Marine  
  39  4:09  Barracks x2  
  41  4:12  SCV  
  41  4:15  SCV  
  41  4:16  Marine  
  43  4:19  SCV  
  43  4:22  Marine  
  45  4:26  Marine  
  45  4:29  Barracks  
  45  4:30  Barracks  
  46  4:32  SCV  
  46  4:33  Marine  
  46  4:35  Supply Depot, Bunker  
  48  4:40  Marine  
  48  4:44  Bunker, Marine  
  50  4:48  SCV  
  50  4:51  Marine  
  52  4:58  Marine  
  50  5:00  Orbital Command  
  50  5:02  Marine  
  50  5:03  Marine x2  
  50  5:04  Orbital Command  
  50  5:05  SCV x2  
  53  5:09  Marine  
  54  5:16  Marine  
  54  5:18  Bunker  
  54  5:20  Marine  
  54  5:21  Marine x2  
  56  5:24  Marine x2  
  56  5:26  SCV x3, Bunker  
  56  5:27  Marine  
  64  5:29  Refinery  
  64  5:30  Refinery  
  64  5:34  Marine  
  64  5:38  Marine  
  64  5:39  Marine x2  
  64  5:41  SCV x2  
  64  5:42  Marine x2  
  68  5:43  SCV x2  
  68  5:45  Marine  
  71  5:52  Marine  
  71  5:55  Marine  
  71  5:57  Marine  
  73  5:59  SCV, Marine  
  73  6:00  Marine x2  
  73  6:03  Marine  
  79  6:10  Marine  
  80  6:14  Refinery, Marine  
  80  6:15  Refinery  
  80  6:16  Marine  
  80  6:17  Barracks  
  83  6:19  Command Center, Barracks  
  83  6:20  Barracks  
  83  6:21  Barracks Reactor x2, Barracks  
  83  6:22  Barracks Tech Lab  
  83  6:27  Barracks Tech Lab  
  83  6:28  SCV  
  83  6:32  SCV  
  84  6:34  Refinery  
  84  6:36  Refinery  
  84  6:44  Supply Depot  
  84  6:49  Marine  
  84  6:50  Marine x3  
  74  6:57  Marine x2  
  74  6:59  SCV x2, Marine x2  
  74  7:00  Combat Shields  
  74  7:01  Stimpack, Marine  
  80  7:04  Marine  
  80  7:06  SCV x2  
  80  7:07  Marine  
  80  7:08  Marine x3  
  82  7:15  Marine  
  86  7:17  Supply Depot  
  86  7:20  SCV x4  
  89  7:23  Marine x2  
  89  7:25  Marine x2  
  89  7:27  Barracks Reactor, Barracks Tech Lab  
  89  7:28  Barracks Tech Lab  
  89  7:29  Barracks Reactor x2  
  87  7:31  Engineering Bay  
  87  7:32  SCV, Engineering Bay  
  88  7:37  Engineering Bay  
  88  7:42  Supply Depot  
  88  7:44  SCV x2  
  90  7:47  Marine x4  
  90  7:48  Marine x2  
  90  7:49  Marauder x2  
  100  7:52  SCV x2  
  99  8:20  Supply Depot, Engineering Bay  
  99  8:22  Planetary Fortress  
  99  8:35  Terran Infantry Weapons Level 1, Terran Infantry Armor Level 1  
  99  8:36  Barracks Reactor, Marine x2  
  99  8:37  Factory, Concussive Shells  
  99  8:39  Marine x2  
  99  8:40  Marine x2, Marauder x2  
  102  8:41  Marauder x2  
  81  8:58  SCV x2  
  81  8:59  SCV x2, Marine x2  
  81  9:00  Marine x3  
  81  9:01  Marine  
  81  9:02  Marine x4  
  98  9:03  Marine x2, Marauder x3  
  98  9:08  Supply Depot  
  104  9:10  SCV x2  
  104  9:11  SCV x2  
  104  9:15  Marine  
  108  9:20  Marine x7  
  108  9:21  Marauder  
  108  9:23  Supply Depot  
  119  9:24  Supply Depot, Marauder x3  
  119  9:28  Command Center x2  
  123  9:33  Marine x5  
  123  9:34  Bunker, Marine  
  123  9:38  Marine x3  
  132  9:45  Marauder x2  
  136  9:46  Marauder x2  
  140  9:56  Supply Depot  
  140  9:57  Marine x5  
  140  9:58  Marine x3  
  148  10:03  Refinery  
  148  10:04  Marine  
  148  10:06  Marauder  
  149  10:07  Marauder x3  
  149  10:10  Supply Depot  
  151  10:17  Factory Reactor  
  151  10:18  Starport  
  151  10:19  Armory  
  151  10:28  Marauder x3  
  141  10:29  Marine, Marauder  
  141  10:30  Marine x3  
  141  10:31  Marine  
  141  10:44  Marine  
  141  10:49  Marauder  
  148  10:50  Marauder x3  
  148  10:51  Planetary Fortress  
  148  10:53  Building Armor  
  150  10:58  Marine x2  
  152  11:04  Planetary Fortress  
  152  11:06  Barracks  
  152  11:11  Marauder x4  
  160  11:12  Barracks  
  136  11:32  Marauder  
  104  11:50  SCV x3  
  104  11:53  Marine  
  90  11:54  Marine x9  
  90  11:55  Marauder x4  
  101  12:08  Missile Turret  
  100  12:16  Marauder  
  100  12:18  Marine  
  100  12:19  Marine  
  100  12:20  Barracks Reactor, Marauder x2  
  100  12:21  Barracks Reactor, Marine x2  
  100  12:22  Marauder  
  112  12:27  Terran Infantry Weapons Level 2, Terran Infantry Armor Level 2  
  112  12:30  Marine  
  112  12:31  Marine x3  
  116  12:38  Marauder  
  116  12:41  Supply Depot, Marauder x2  
  116  12:43  Marauder  
  124  12:46  Bunker  
  124  12:48  Marine x2  
  126  12:58  Command Center  
  118  12:59  Marauder  
  118  13:00  Marine x2  
  118  13:01  Marine x4  
  118  13:02  Marauder, Marine x2  
  118  13:03  Marauder  
  118  13:04  Medivac x2  
  118  13:05  Marauder  
  117  13:14  Marine x9  
  117  13:18  Marine x2  
  117  13:19  Marine  
  129  13:20  Marauder, Starport, Marine x2  
  129  13:24  Marauder x2  
  127  13:34  Medivac x2  
  127  13:40  Marine x5  
  131  13:41  Marauder  
  131  13:42  Marauder  
  133  13:50  Command Center  
  133  13:51  Marine x2  
  133  13:52  Marauder x2  
  139  14:01  Marine x2  
  143  14:02  Marauder  
  143  14:03  Supply Depot, Marine, Marauder  
  143  14:04  Medivac x2  
  150  14:14  Marauder  
  138  14:21  Marine x4  
  138  14:22  Marine x4  
  112  14:31  Missile Turret  
  112  14:34  Medivac, Marine x4  
  112  14:37  SCV  
  108  14:51  Marine  
  113  14:52  Marauder  
  113  14:53  Marauder  
  112  15:06  Marine x2  
  112  15:07  Marine  
  112  15:13  Marine  
  99  15:30  Marine  
  99  15:31  Marine x3  
  99  15:32  Marine  
  104  15:40  Marine  
  102  15:52  Marine x7  
  104  15:59  Marine  
  104  16:00  Marauder x2, Marine  
  104  16:01  Marauder  
  112  16:07  Marine  
  112  16:08  Marine  
  112  16:09  Marauder  
  116  16:12  Medivac x2  
  120  16:19  Planetary Fortress  
  120  16:22  SCV, Marine x2  
  120  16:23  Marauder  
  104  16:36  Marine  
  104  16:37  Marine x5  
  104  16:38  Marauder x2  
Tags
 
Add a new tag
Caveats
  • Supply blocks, unpowered buildings, or Contaminate may cause inaccurate times.
  • Supply counts are checked every 10 seconds.